 Dungeon Crawl Stone Soup version 0.21.1-1-g345015f (webtiles) character file.

319 suvakkihuora the Chopper (level 6, -2/58 HPs)
             Began as a Deep Dwarf Monk on May 2, 2018.
             Killed by divine providence
             ... invoked by an orc priest
              (7 damage)
             ... on level 3 of the Dungeon.
             The game lasted 00:03:57 (1507 turns).

suvakkihuora the Chopper (Deep Dwarf Monk)          Turns: 1507, Time: 00:03:58

Health: -2/58      AC:  7    Str: 17    XL:     6   Next: 21%
Magic:  4/4        EV:  8    Int: 10    God:
Gold:   102        SH:  9    Dex: 15    Spells: 5/5 levels left

rFire    . . .     SeeInvis .   a - +0 hand axe
rCold    . . .     Gourm    .   h - +0 shield
rNeg     . . .     Faith    .   m - +0 scale mail
rPois    .         Spirit   .   (no helmet)
rElec    .         Reflect  .   (no cloak)
rCorr    .         Harm     .   (no gloves)
MR       .....                  e - +0 pair of boots
Stlth    +.........             (no amulet)
HPRegen  0.00/turn              (no ring)
MPRegen  0.09/turn              (no ring)

@: non-regenerating
A: damage resistance, heal wounds, sense surroundings 1, no regeneration
a: Heal Wounds


You were on level 3 of the Dungeon.
You were not hungry.

You visited 1 branch of the dungeon, and saw 3 of its levels.

You collected 102 gold pieces.

Inventory:

Hand Weapons
 a - a +0 hand axe (weapon)
 i - a +0 blowgun
 l - a +0 dagger of venom
Armour
 e - a +0 pair of boots (worn)
 h - a +0 shield (worn)
 m - a +0 scale mail (worn)
Wands
 n - a wand of flame (14)
 o - a wand of digging (11)
Scrolls
 g - a scroll of identify {unknown}
 k - a scroll of remove curse {unknown}
Potions
 b - a potion of degeneration {unknown}
 f - a potion of heal wounds
 j - a potion of cancellation {unknown}
Comestibles
 c - 4 rations
 d - 3 chunks of flesh


   Skills:
 + Level 4.3 Fighting
 + Level 5.3 Axes
 - Level 3.2 Dodging
 - Level 2.4 Stealth
 + Level 3.3 Shields


You had 5 spell levels left.
You didn't know any spells.

Dungeon Overview and Level Annotations

Branches:
Dungeon (3/15)

Altars:
Elyvilon
Gozag


Innate Abilities, Weirdness & Mutations

You are resistant to damage.
You can heal yourself by infusing magical energy.
You passively map a small area around you.
You do not regenerate.


Message History

You hit the orc priest.
The orc priest calls down the wrath of Beogh upon you.
Beogh smites you!
* * * LOW HITPOINT WARNING * * *
You block the orc's attack.
You hit the orc priest but do no damage.
The orc priest is heavily wounded.
You hit the orc. You block the orc priest's attack.
The orc hits you but does no damage. The orc priest closely misses you.
You closely miss the orc priest.
The orc priest is heavily wounded.
You closely miss the orc. The orc hits you with a falchion.
The orc priest hits you with a club.
You hit the orc priest but do no damage.
The orc priest is heavily wounded.
You hit the orc.
You kill the orc!
The orc priest mumbles some strange prayers to Beogh against you.
Beogh smites you!
You die...

, * , , ,,,* , * +### * * , ,
,#.. , , ..#####.#######
......o...#.#.. ,,
......)@....#.# *
......)#....#.# *
########....#.#
#......#########.##.#.#
##...................#.#######
......#.#.#.#.#.#........>..#
##...................#.###.#.#
.#.......⌠.....⌠...#.#.###.#.#
.#.........._........#.......#


You could see an orc priest.

Vanquished Creatures
  Sigmund (D:3)
  Ijyb (D:3)
  Terence (D:3)
  An orc wizard (D:2)
  2 adders
  4 worms
  2 dart slugs (D:2)
  A leopard gecko (D:3)
  7 orcs (D:3)
  A ball python (D:3)
  4 bats
  3 giant cockroaches
  6 goblins
  2 hobgoblins (D:1)
  9 kobolds
  4 frilled lizards
  5 rats
54 creatures vanquished.

Notes
Turn   | Place    | Note
-------+----------+-------------------------------------------
     0 | D:1      | suvakkihuora the Deep Dwarf Monk began the quest for the Orb.
     0 | D:1      | Reached XP level 1. HP: 20/20 MP: 1/1
   330 | D:1      | Reached XP level 2. HP: 21/28 MP: 2/2
   749 | D:2      | Reached skill level 4 in Axes
   749 | D:2      | Reached XP level 3. HP: 14/34 MP: 3/3
   820 | D:2      | Reached skill level 1 in Shields
   880 | D:2      | Found an opulent altar of Gozag.
  1005 | D:3      | Noticed Terence
  1022 | D:3      | Killed Terence
  1022 | D:3      | Reached XP level 4. HP: 26/42 MP: 4/4
  1040 | D:3      | Noticed Sigmund
  1130 | D:3      | Killed Sigmund
  1130 | D:3      | Reached skill level 5 in Axes
  1130 | D:3      | Reached XP level 5. HP: 28/50 MP: 4/4
  1144 | D:3      | Found a white marble altar of Elyvilon.
  1214 | D:3      | Noticed Ijyb
  1238 | D:3      | Killed Ijyb
  1238 | D:3      | Reached XP level 6. HP: 9/57 MP: 5/5
  1507 | D:3      | Killed from afar by an orc priest

Skill      XL: |  1  2  3  4 |
---------------+-------------+-----
Fighting       | 3 4 |  4.3
Axes           | 4 5 |  5.3
Shields        | 1 3 |  3.3
Dodging        | |  3.2
Stealth        | |  2.4

Action                   |  1- 3 |  4- 6 || total
-------------------------+-------+-------++-------
Melee: Hand axe          |   104 |   123 ||   227
 Abil: Heal Wounds       |     2 |     2 ||     4
  Use: Potion            |     1 |     1 ||     2
 Stab: Sleeping          |     2 |       ||     2
       Distracted        |     1 |       ||     1
  Eat: Chunk             |       |     2 ||     2
Armor: Robe              |    18 |       ||    18
       Leather armour    |     3 |     9 ||    12
       Skin              |       |     7 ||     7
       Scale mail        |       |    39 ||    39
Dodge: Dodged            |    54 |    34 ||    88
Block: Shield            |    21 |    47 ||    68
